 Dungeon Crawl Stone Soup version 0.29.1-12-g30fa7ad0bf (webtiles) character file.

Game seed: 13751357103680418281

378 ChadusMaximus the Trooper (level 6, -6/56 HPs)
             Began as a Minotaur Fighter on Dec 15, 2022.
             Mangled by an ogre
             ... wielding a +0 giant club
              (24 damage)
             ... on level 5 of the Dungeon.
             The game lasted 00:02:38 (2835 turns).

ChadusMaximus the Trooper (Minotaur Fighter)        Turns: 2835, Time: 00:02:39

Health: -6/56      AC:  9    Str: 23    XL:     6   Next: 45%
Magic:  5/5        EV:  9    Int:  5    God:
Gold:   221        SH:  4    Dex:  9    Spells: 5/5 levels left

rFire   + . .      SeeInvis .   a - +0 war axe
rCold   . . .      Faith    .   c - +0 buckler
rNeg    . . .      Spirit   .   b - +0 scale mail
rPois   .          Reflect  .   (helmet restricted)
rElec   .          Harm     .   p - +0 cloak
rCorr   .          Rampage  .   (no gloves)
Will    .....                   s - +0 pair of boots
Stlth   ..........              (no amulet)
HPRegen 0.18/turn               j - ring of protection from fire
MPRegen 0.09/turn               (no ring)

@: no status effects
A: horns 2, retaliatory headbutt
a: no special abilities


You were on level 5 of the Dungeon.
You visited 1 branch of the dungeon, and saw 5 of its levels.

You collected 221 gold pieces.

Inventory:

Hand Weapons
 a - a +0 war axe (weapon)
 q - a +0 hand axe
Missiles
 A - 4 boomerangs (quivered)
Armour
 b - a +0 scale mail (worn)
 c - a +0 buckler (worn)
 p - a +0 cloak (worn)
 s - a +0 pair of boots (worn)
Jewellery
 j - a ring of protection from fire (left hand)
 r - an amulet of regeneration
Scrolls
 e - a scroll of amnesia {unknown}
 f - 3 scrolls of identify {unknown}
 h - 2 scrolls of teleportation {unknown}
 i - a scroll of enchant armour {unknown}
 t - a scroll of butterflies {unknown}
 y - a scroll of noise {unknown}
Potions
 d - 2 potions of might
 g - a potion of heal wounds {unknown}
 k - a potion of lignification {unknown}
 l - 4 potions of attraction {unknown}
 m - 3 potions of invisibility {unknown}
 n - a potion of flight {unknown}
 o - a potion of cancellation {unknown}
 u - a potion of degeneration {unknown}
 v - a potion of resistance {unknown}
 w - a potion of curing {unknown}
 x - 2 potions of ambrosia {unknown}
 z - 2 potions of haste {unknown}


   Skills:
 + Level 5.4 Fighting
 + Level 4.6 Axes
 + Level 5.3 Armour
 + Level 5.3 Shields


You had 5 spell levels left.
You didn't know any spells.
Your spell library contained the following spells:

 Spells                   Type           Power      Damage    Failure   Level
 Sublimation of Blood     Necr           0%         N/A       94%         2
 Wereblood                Tmut           0%         N/A       94%         2
 Summon Hydra             Summ           0%         N/A       100%        7


Dungeon Overview and Level Annotations

Branches:
Dungeon (5/15)
 Temple: D:4-7

Altars:
Trog
Zin

Shops:
D:1 *   D:4 (

Annotations:
D:2 Sigmund


Innate Abilities, Weirdness & Mutations

You have a pair of horns on your head.
You reflexively headbutt those who attack you in melee.


Message History

You closely miss the ice beast. The ice beast barely misses you. x2
An ice beast is nearby!
You barely miss the ice beast. You block the ice beast's attack.
Unknown command.
You hit the ice beast. You headbutt the ice beast!
The ice beast is heavily wounded.
The ice beast hits you but does no damage.
You slash the ice beast!
You kill the ice beast!
You start waiting.
Done waiting.
Found 4 boomerangs.
No target in view!
Found a spear.
No target in view!
No target in view!
You see here a staff of earth.
No target in view!
No target in view!
You see here 4 boomerangs.
A - 4 boomerangs You now have 221 gold pieces (gained 13).
An ogre comes into view. It is wielding a +0 giant club.
The ogre shouts!
An ogre is nearby!
An ogre is nearby!
The ogre hits you with a +0 giant club!!
You slash the ogre! You headbutt the ogre.
The ogre is moderately wounded.
The ogre hits you with a +0 giant club!
You are too injured to fight recklessly!
You are too injured to fight recklessly!
You are too injured to fight recklessly!
Unknown command.
You slash the ogre!
The ogre is severely wounded.
You hit the ogre.
The ogre is severely wounded.
The ogre hits you with a +0 giant club!!
You die...

#.........###.##....
#####.........# #.......
#.............# ###.....
#.###..|......# #.....
#.###.........# #.....
#.............# #.####
#.....######### #.#
##.....####### #.#
..........@O...# #.##
................# #..#
................# ##.#
........?.......# #.#
..?...$.........# #.###
#####...........#
######....
#.....................##
############..........#
.........#


You could see an ogre.

Vanquished Creatures
  An ice beast (D:5)
  A scorpion (D:4)
  2 hounds
  A jelly (D:5)
  Natasha (D:2)
  2 adders (D:3)
  A white imp (D:4)
  An ufetubus (D:5)
  3 worms (D:3)
  A dart slug (D:3)
  9 orcs
  8 bats
  5 endoplasms
  2 giant cockroaches (D:1)
  7 goblins
  6 hobgoblins
  4 kobolds
  3 quokkas
  9 ball pythons
  2 frilled lizards
  2 rats
71 creatures vanquished.

Vanquished Creatures (others)
  2 plants (D:1)
2 creatures vanquished.

Grand Total: 73 creatures vanquished

Notes
Turn   | Place    | Note
-------+----------+-------------------------------------------
     0 | D:1      | ChadusMaximus the Minotaur Fighter began the quest for the
                  | Orb.
     0 | D:1      | Reached XP level 1. HP: 19/19 MP: 0/0
    73 | D:1      | Reached XP level 2. HP: 21/27 MP: 1/1
   502 | D:1      | Reached XP level 3. HP: 33/33 MP: 2/2
   567 | D:1      | Found Ifebuv's Assorted Antiques.
   631 | D:2      | Found a faded altar of an unknown god.
   632 | D:2      | Noticed Sigmund
   646 | D:2      | Noticed Natasha
   654 | D:2      | Killed Natasha
  1079 | D:3      | Reached XP level 4. HP: 41/41 MP: 3/3
  1127 | D:3      | Identified the +4 sling "Impslayer" {speed, Drain rC+ Will+
                  | Int+3}
  1297 | D:3      | Found a glowing silver altar of Zin.
  1682 | D:3      | Found a bloodstained altar of Trog.
  1838 | D:4      | Noticed a scorpion
  1846 | D:4      | Killed a scorpion
  1847 | D:4      | Reached XP level 5. HP: 34/47 MP: 4/4
  2049 | D:4      | Reached skill level 5 in Fighting
  2181 | D:4      | Reached skill level 5 in Armour
  2384 | D:4      | Found Qeck's Weapon Emporium.
  2508 | D:5      | Entered Level 5 of the Dungeon
  2513 | D:5      | Reached skill level 5 in Shields
  2635 | D:5      | Reached XP level 6. HP: 51/56 MP: 5/5
  2703 | D:5      | Noticed an ice beast
  2708 | D:5      | Killed an ice beast
  2835 | D:5      | Mangled by an ogre

Illustrated notes

Levels and vault maps discovered:
D:1:      minmay_arrival_up_and_down, layout_rooms, serial_shops,
          nicolae_shop_waterfront, serial_bayou_pond_a
D:2:      layout_rooms, hellmonk_ecumenical_altar_lost_god, minivault_4,
          chequers_decorated_corner, uniq_natasha, uniq_sigmund
D:3:      layout_rooms, lightli_temple_of_fire, zin_treasury
D:4:      layout_cave_pools, serial_shops, nicolae_shop_waterfront, st_stairs_14
D:5:      layout_basic, uniq_pikel

Skill      XL: |  1  2  3  4  5 |
---------------+----------------+-----
Armour         | 4 5 |  5.3
Fighting       | 4 5 |  5.4
Shields        | 4 5 |  5.3
Axes           | 3 4 |  4.6

Action                   |  1- 3 |  4- 6 || total
-------------------------+-------+-------++-------
Melee: War axe           |    67 |   105 ||   172
       Headbutt          |     2 |    17 ||    19
Armor: Scale mail        |    43 |    41 ||    84
Dodge: Dodged            |    53 |    41 ||    94
Block: Buckler           |    20 |    23 ||    43
